Cogmind - Beta 16 --- EXPLORER MODE // 2025.12.11 @ 18:08:27 Player: K.K.Y. Result: Destroyed by UY-Q1D(R) with Subdweller Laser Performance ------------- Evolutions (0) 0 Regions Visited (3) 600 Robots Destroyed (51) 255 Value Destroyed (1301) 1301 Prototype IDs (6) 120 Alien Tech Used (0) 0 Bonus (21) 21 TOTAL SCORE: 2297 Bonus ------- Follower Combat Kills 95 Friendly Fire -74 Cogmind --------- Core Integrity 0/250 Matter 149/300 Energy 128/150 System Corruption 0% Temperature Cool (6) Movement Flying (1574) Ox18 Location -10/Subcaves Parts ------- > --- POWER (1) -------- Light Angular Momentum Engine > --- PROPULSION (3) --- Flight Unit Makeshift Flight Unit > --- UTILITY (2) ------ Humpback > --- WEAPON (2) ------- Beamcaster Heavy Battle Rifle > --- INVENTORY (35) --- Subdweller Monowheel Huge Storage Unit Subdweller Optics Experimental Sensor Array Cobbler Unit Subdweller Laser Subdweller Beam Cannon Subdweller Machine Gun Battle Cannon Subdweller Shrapnel Launcher Mining Laser Plasma Cutter Peak State ------------ > --- POWER ------------ Light Angular Momentum Engine > --- PROPULSION ------- Flight Unit Flight Unit Makeshift Flight Unit > --- UTILITY ---------- Experimental Sensor Array > --- WEAPON ----------- Beamcaster Heavy Battle Rifle > --- INVENTORY -------- Huge Storage Unit Compact Matter Pod Compact Matter Pod Mining Laser Plasma Cutter [Rating: 30] Favorites ----------- Power Light Angular Momentum Engine Engine Light Angular Momentum Engine Propulsion Flight Unit Hover Unit Hover Unit Flight Unit Flight Unit Utility Experimental Sensor Array Device Experimental Sensor Array Storage Humpback Weapon Autogun Energy Gun Beamcaster Ballistic Gun Autogun Build | -11 -10 -10 -10 ------- Run | Yrd Mat Min Sub Slots Evolved 1 | . 1 . . Power . | . . . . Propulsion 1 | . 1 . . Utility . | . . . . Weapon . | . . . . Parts Attached 24 | 4 8 4 8 Power 3 | 1 1 . 1 Engine 3 | 1 1 . 1 Core . | . . . . Reactor . | . . . . Propulsion 7 | . 2 2 3 Treads . | . . . . Leg . | . . . . Wheel . | . . . . Hover 2 | . 2 . . Flight 5 | . . 2 3 Utility 6 | 1 1 2 2 Device 5 | 1 1 2 1 Storage 1 | . . . 1 Processor . | . . . . Hackware . | . . . . Protection . | . . . . Artifact . | . . . . Weapon 8 | 2 4 . 2 Energy Gun 1 | . . . 1 Energy Cannon . | . . . . Ballistic Gun 7 | 2 4 . 1 Ballistic Cannon . | . . . . Launcher . | . . . . Special Weapon . | . . . . Impact Weapon . | . . . . Slashing Weapon . | . . . . Piercing Weapon . | . . . . Special Melee Weapon . | . . . . Unidentified Prototypes 1 | . . 1 . Parts Lost 4 | . . 1 3 Power 1 | . . . 1 Propulsion 2 | . . . 2 Utility 1 | . . 1 . Weapon . | . . . . Highest Loss Streak 1 | . . 1 1 To Critical Strikes . | . . . . Average Backups 5 | . 4 4 6 Power . | . . . . Propulsion . | . . . . Utility 2 | . 2 2 2 Weapon 1 | . 1 1 2 Tool/Special . | . . . . Unused Backups 13 | . . 1 12 Power . | . . . . Propulsion 1 | . . . 1 Utility 5 | . . 1 4 Weapon 6 | . . . 6 Tool/Special 1 | . . . 1 Average Slot Usage (%) 73 | . 57 85 79 Engine 11 | . 11 12 11 Hover 2 | . 3 23 . Flight 18 | . . 6 28 Device 10 | . 16 18 6 Storage 3 | . . . 5 Energy Gun 7 | . . . 11 Ballistic Gun 16 | . 24 25 12 Peak Build Rating 30 | 4 9 19 30 Average Rating 18 | 2 6 15 25 On Entrance 7 | . 4 9 18 Avg Prop Armor Cover (%) 3 | . . 4 3 Naked Turns . | . . . . Heaviest Build 218 | 8 11 11 218 Greatest Support 18 | 3 12 18 16 Greatest Overweight (x) 18 | 2 3 2 18 Average Overweight (x) 1 | 1 2 . 2 Largest Inventory Capacity 35 | 5 5 5 35 Average Capacity 13 | 5 5 5 18 Most Carried 13 | 3 5 5 13 Average Carried 5 | . 4 4 6 Final Capacity 35 | 5 5 5 35 Final Carried 13 | 2 5 5 13 Class Distribution -------------------- 61% | Hacker-Mutant 28% | Hauler-Mutant 10% | Scavenger-Mutant Dominant Class ---------------- Hacker-Mutant | -10/Materials Hacker-Mutant | -10/Mines Hauler-Mutant | -10/Subcaves Resources | -11 -10 -10 -10 ----------- Run | Yrd Mat Min Sub Matter Collected 1771 | 145 597 97 932 Remotely . | . . . . Salvage Created 1885 | 105 765 119 896 Parts 122 | 5 40 8 69 Haulers Intercepted 2 | . 2 . . Recyclers Shooed 2 | . 2 . . Parts Field Recycled . | . . . . Retrieved Matter . | . . . . Parts Self-Destructed . | . . . . Prevented . | . . . . Parts Restored . | . . . . Kills | -11 -10 -10 -10 ------- Run | Yrd Mat Min Sub Combat Hostiles Destroyed 35 | . 10 4 21 Guns 35 | . 10 4 21 Classes Destroyed 14 | 2 6 . 6 Worker 2 | . 2 . . Builder 2 | . 2 . . Tunneler 1 | 1 . . . Hauler 2 | . 2 . . Recycler 3 | 1 2 . . Turret 2 | . . . 2 Watcher 3 | . 3 . . Swarmer 8 | . 2 2 4 Grunt 13 | . 8 2 3 Sentry 1 | . . . 1 Artisan 1 | . . . 1 Cobbler 2 | . . . 2 Subdweller 13 | . . . 13 Zionite 1 | . . . 1 Best Kill Streak 6 | 1 6 2 5 Combat Bots Only 4 | . 4 2 3 Max Kills in Single Turn 2 | 1 1 1 2 Gunslinging . | . . . . Exploded . | . . . . Melee . | . . . . Uniques/NPCs Destroyed . | . . . . Combat | -11 -10 -10 -10 -------- Run | Yrd Mat Min Sub Hostile Shots Fired 161 | . 48 17 96 Missed 59 | . 13 3 43 Hits 102 | . 35 14 53 Projectile 102 | . 35 14 53 AOE 1 | . . . 1 Critical Strikes 2 | . . . 2 Damage Taken 842 | . 272 94 476 Core 254 | . 101 16 137 Absorbed by Shields . | . . . . Ignored by Resistances 531 | . 172 62 297 Core Remaining (%) 100 | 100 . . . Volleys Fired 135 | 2 47 10 76 Largest 2 | 2 2 2 2 Hottest 108 | 40 46 46 108 Shots Fired 269 | 4 93 20 152 Gun 269 | 4 93 20 152 Cannon . | . . . . Launcher . | . . . . Special . | . . . . Kinetic 215 | 4 93 20 98 Thermal 54 | . . . 54 Explosive . | . . . . Electromagnetic . | . . . . Robot Hit Streak 63 | 2 28 15 63 Robot Miss Streak 2 | . 2 1 1 Penetration Max . | . . . . Secondary Targets 9 | . 4 1 4 Max Gunslinging Chain 1 | . 1 1 1 Shots Hit Robots 199 | 2 79 15 103 Core Hits 76 | 2 27 5 42 Critical Kills 2 | . 1 . 1 Critical Parts Destroyed 3 | . 3 . . Critical Strikes 7 | . 4 . 3 Burn 2 | . . . 2 Destroy 5 | . 4 . 1 Melee Attacks . | . . . . Impact . | . . . . Slashing . | . . . . Piercing . | . . . . Sneak Attacks . | . . . . Combat Hostiles . | . . . . Follow-up Attacks . | . . . . Damage Inflicted 3343 | 27 1209 238 1869 Guns 3343 | 27 1209 238 1869 Cannons . | . . . . Explosions . | . . . . Melee . | . . . . Ramming . | . . . . Kinetic 2631 | 27 1209 238 1157 Thermal 712 | . . . 712 Explosive . | . . . . Electromagnetic . | . . . . Impact . | . . . . Slashing . | . . . . Piercing . | . . . . Highest Corruption . | . . . . Average Corruption . | . . . . Corruption Purged . | . . . . Corruption Blocked . | . . . . Overload Shots . | . . . . Overflow Damage . | . . . . Projectiles . | . . . . Explosions . | . . . . Melee . | . . . . Knockbacks . | . . . . Impact . | . . . . Kinetic . | . . . . Secondary . | . . . . Self-Inflicted Damage . | . . . . Shots . | . . . . Rammed . | . . . . Targets Rammed . | . . . . Kicked . | . . . . Crushed . | . . . . Highest Temperature 60 | . 41 22 60 Average Temperature 12 | . 10 10 14 Received Heat Transfer 525 | . 225 36 264 Siege Activations . | . . . . Martial Activations . | . . . . Shielding Activations . | . . . . Robots Disrupted . | . . . . Combat Hostiles . | . . . . Robots Corrupted . | . . . . Combat Hostiles . | . . . . Parts Fried . | . . . . Impact Corruptions . | . . . . Robots Melted . | . . . . Combat Hostiles . | . . . . Parts Melted 3 | . . . 3 Heat Transferred 1406 | . . . 1406 Parts Sabotaged . | . . . . Parts Stolen . | . . . . Parts Stripped . | . . . . Power Chain Reactions . | . . . . Alert | -11 -10 -10 -10 ------- Run | Yrd Mat Min Sub Maximum Alert Level . | . . . . Low Security (%) 100 | 100 100 100 . Level 1 . | . . . . Level 2 . | . . . . Level 3 . | . . . . Level 4 . | . . . . Level 5 . | . . . . High Security . | . . . . Max Security . | . . . . Peak Influence 85 | 5 85 66 . Initial . | . . . . Average 3 | . 3 6 . Influence Increases 688 | 10 306 131 241 Destroy 0b10 Robot/C 500 | . 200 80 220 Destroy 0b10 Robot/NC 65 | 10 55 . . Destroy Leader 90 | . 50 20 20 Allied During Kill 2 | . . 1 1 Destroy Structure 1 | . 1 . . Lose Combat Pursuer 30 | . . 30 . Influence Decreases 688 | 10 306 131 241 Time Decay 638 | 10 306 131 191 Lost Part 10 | . . . 10 Lost Ally 40 | . . . 40 Squads Dispatched . | . . . . Investigation . | . . . . Extermination . | . . . . Reinforcement . | . . . . Assault . | . . . . Garrison . | . . . . Intercept . | . . . . Searches Triggered . | . . . . Construction Impeded . | . . . . Haulers Reinforced . | . . . . Active Scanning Responses . | . . . . Cargo Convoy Interrupts . | . . . . Stealth | -11 -10 -10 -10 --------- Run | Yrd Mat Min Sub Distress Signals . | . . . . Communications Jammed . | . . . . Distress Signals . | . . . . Times Spotted 49 | . 17 6 26 Peak Tracking Total 6 | . 5 4 6 Tactical Retreats 1 | . . 1 . Traps | -11 -10 -10 -10 ------- Run | Yrd Mat Min Sub Traps Triggered 4 | . 4 . . Indirectly . | . . . . Trap Hack Attempts . | . . . . Triggered . | . . . . Disarmed . | . . . . Reprogrammed . | . . . . Reused . | . . . . Traps Extracted . | . . . . Installed . | . . . . Triggered . | . . . . Machines | -11 -10 -10 -10 ---------- Run | Yrd Mat Min Sub Machines Disabled . | . . . . Max in Single Turn . | . . . . Machines Repaired . | . . . . Machines Dismantled . | . . . . Machines Sabotaged . | . . . . Overloaded Fab Kills . | . . . . Hacking | -11 -10 -10 -10 --------- Run | Yrd Mat Min Sub Machines Accessed 10 | . 8 1 1 Terminals 7 | . 6 1 . Fabricators . | . . . . Repair Stations . | . . . . Recycling Units 2 | . 2 . . Scanalyzers . | . . . . Garrison Access . | . . . . Total Hacks 24 | . 19 1 4 Successful 19 | . 14 1 4 Failed 5 | . 5 . . Catastrophic . | . . . . Database Lockouts . | . . . . Manual 13 | . 12 1 . Terminals 14 | . 13 1 . Fabricators . | . . . . Repair Stations . | . . . . Recycling Units 6 | . 6 . . Scanalyzers . | . . . . Garrison Access . | . . . . Terminal Hacks 9 | . 4 1 4 Record 4 | . . . 4 Prototype ID Bank 5 | . 4 1 . Fabricator Hacks . | . . . . Repair Station Hacks . | . . . . Recycling Unit Hacks 4 | . 4 . . Retrieve Components 4 | . 4 . . Scanalyzer . | . . . . Garrison Access Hacks . | . . . . Unauthorized Hacks 5 | . 5 . . Terminals 5 | . 5 . . Botnet 5 | . 5 . . Fabricators . | . . . . Repair Stations . | . . . . Recycling Units . | . . . . Scanalyzers . | . . . . Garrison Access . | . . . . Data Cores Recovered . | . . . . Used . | . . . . Hacking Detections 5 | . 4 1 . Full Trace Events . | . . . . Feedback Events . | . . . . Feedback Blocked . | . . . . Robot Schematics Acquired . | . . . . Robots Built . | . . . . Authchips . | . . . . Time . | . . . . Total Robot Build Rating . | . . . . Part Schematics Acquired . | . . . . Parts Built . | . . . . Authchips . | . . . . Time . | . . . . Total Part Build Rating . | . . . . Part Studies Acquired . | . . . . Parts Repaired . | . . . . Time . | . . . . Parts Recycled . | . . . . Recycled Matter . | . . . . Retrieved Matter . | . . . . Retrieved Components 30 | . 30 . . Parts Scanalyzed . | . . . . Part Schematics Acquired . | . . . . Parts Damaged . | . . . . Bothacking | -11 -10 -10 -10 ------------ Run | Yrd Mat Min Sub Used RIF Installer . | . . . . Robots Hacked . | . . . . Non-combat . | . . . . Combat . | . . . . Robot Hacks Applied . | . . . . Relay Couplers Released . | . . . . Fabnet Peak Effective % . | . . . . Robots Rewired . | . . . . Allies Hacked . | . . . . Hacks Repelled . | . . . . Allies | -11 -10 -10 -10 -------- Run | Yrd Mat Min Sub Total Allies 5 | . . 5 . Largest Group 5 | . . 5 3 Highest-Rated Group 85 | . . 85 53 Highest-Rated Ally 31 | . . 31 31 Total Orders . | . . . . Ally Attacks 25 | . . 5 20 Total Damage 286 | . . 65 221 Kills 3 | . . . 3 Allies Corrupted . | . . . . Allies Melted . | . . . . Intel | -11 -10 -10 -10 ------- Run | Yrd Mat Min Sub Active Infowar (turns) 6349 | 47 2978 635 2689 Sensors 6183 | 47 2978 469 2689 Structural 1328 | . 1122 206 . Robot Analysis Total . | . . . . Derelict Logs Recovered 3 | . . 1 2 Drone Launches . | . . . . Drone Recoveries . | . . . . Exploration | -11 -10 -10 -10 ------------- Run | Yrd Mat Min Sub Turns Passed 9938 | 61 2978 635 6264 Spaces Moved 4921 | 44 1703 830 2344 Core 1100 | 44 1056 . . Treads . | . . . . Legs . | . . . . Wheels . | . . . . Hover 1612 | . 647 765 200 Flight 2209 | . . 65 2144 Fastest Speed 50 | 50 50 56 56 Average Speed 173 | 104 156 60 227 Slowest Speed 1574 | 150 200 200 1574 Overloaded Moves . | . . . . Propulsion Burnouts . | . . . . Robots Hopped . | . . . . Potential Cave-ins . | . . . . Cave-ins Triggered . | . . . . Exploration Rate (%) 69 | 4 99 100 76 Regions Visited 3 Branch Regions 2 Pre-discovered Areas 1 | . . . 1 Known Exits Taken 3 | 1 1 1 . Unknown Exits Taken . | . . . . Scrap Searched 3 | . . 1 2 Spaces Dug . | . . . . Terrain Destroyed 1 | . . . 1 Melee . | . . . . Projectile 1 | . . . 1 AOE . | . . . . Terrain Rammed . | . . . . Walls Destroyed . | . . . . Machines Disabled . | . . . . Actions | -11 -10 -10 -10 --------- Run | Yrd Mat Min Sub Total 6073 | 55 1947 941 3130 Wait 946 | . 175 88 683 Move 4918 | 43 1702 829 2344 Hop . | . . . . Pick Up 21 | 6 5 2 8 Fast Attach 15 | . 7 2 6 Attach 7 | 4 2 1 . Detach 2 | . 1 1 . Swap 12 | . 3 5 4 Drop 17 | . 5 3 9 Fire 135 | 2 47 10 76 Melee . | . . . . Ram . | . . . . Kick . | . . . . Crush . | . . . . Escape Stasis . | . . . . Rewire . | . . . . Trap . | . . . . Miscellaneous . | . . . . Route ------- -11/Scrapyard -10/Materials (discovered 5 exits: *Mat x3 / *Min / *Sub) -10/Mines (discovered 3 exits: *Mat x2 / *Sub) -10/Subcaves (discovered 3 exits: *Mat x2 / *Rec) History --------- Turn | Location | Event 5 | -11/Scrapyard | Identified exit to Materials 5 | -11/Scrapyard | Discovered exit to Materials (range 15) 62 | -11/Scrapyard | Entered Materials 62 | -10/Materials | Evolved 1 slot: Propulsion x1 309 | -10/Materials | Build established: Hacker-Mutant 314 | -10/Materials | Identified exit to Materials 314 | -10/Materials | Discovered exit to Materials (range 14) 686 | -10/Materials | Discovered exit to Materials (range 15) 1274 | -10/Materials | Identified exit to Mines 1274 | -10/Materials | Discovered exit to Mines (range 10) 1519 | -10/Materials | Identified exit to Subcaves 1519 | -10/Materials | Discovered exit to Subcaves (range 7) 2187 | -10/Materials | Discovered exit to Materials (range 7) 3040 | -10/Materials | Entered Mines 3140 | -10/Mines | A weapon hastily lodged in a ceiling crevice suddenly fell to the ground 3153 | -10/Mines | Discovered exit to Subcaves (range 11) 3199 | -10/Mines | Discovered exit to Materials (range 7) 3224 | -10/Mines | Found a hidden stash of uninstalled traps 3238 | -10/Mines | Assisted by bots powering up and referring to "LRC-V3" 3247 | -10/Mines | Found a damaged Exp. Sensor Array with a note attached 3248 | -10/Mines | Found Prototype Device 3248 | -10/Mines | Identified Exp. Sensor Array 3280 | -10/Mines | Discovered exit to Materials (range 13) 3291 | -10/Mines | Learned location of 1 exit from Materials 3675 | -10/Mines | Entered Subcaves 3675 | -10/Subcaves | Accompanied by 3 allies 3676 | -10/Subcaves | Approached by a straggling Scientist 3680 | -10/Subcaves | Led the pair of lost Derelicts to an unsafe place 3728 | -10/Subcaves | Core integrity fell below 50% 3839 | -10/Subcaves | Identified exit to Recycling 3839 | -10/Subcaves | Discovered exit to Recycling (range 12) 3917 | -10/Subcaves | Shifting Twisted Machinery released Sub. Monowheel 3926 | -10/Subcaves | Identified exit to Materials 3926 | -10/Subcaves | Discovered exit to Materials (range 8) 3931 | -10/Subcaves | Shifting Twisted Machinery released Shrapnel Trap 4167 | -10/Subcaves | Build established: Scavenger-Mutant 4280 | -10/Subcaves | Shifting Twisted Machinery released Spk. Treads 4282 | -10/Subcaves | Shifting Twisted Machinery released Hvy. Battle Rifle 4534 | -10/Subcaves | Discovered exit to Materials (range 8) 4540 | -10/Subcaves | Build established: Hacker-Mutant 4549 | -10/Subcaves | Learned 2 Materials zone layouts 4925 | -10/Subcaves | Core integrity fell below 20% 5456 | -10/Subcaves | Visited Clippyterm 6349 | -10/Subcaves | A swath of the cavern ceiling suddenly collapsed 6663 | -10/Subcaves | Build established: Scavenger-Mutant 7450 | -10/Subcaves | Build established: Hauler-Mutant 9935 | -10/Subcaves | A Subdweller sparked back to life 9939 | -10/Subcaves | Destroyed by UY-Q1D(R) with Subdweller Laser Last Messages --------------- 07130_ VF-U9A(R) destroyed. 07142_ Acquired 13 matter. 07144_ Acquired Humpback. 07791_ Acquired 50 matter. 07870_ Acquired 9 matter. 08657_ Acquired Sub. Optics. 08721_ Acquired Sub. Laser. 08753_ Acquired Sub. Shrapnel Launcher. 08770_ Acquired Cobbler Unit. 08787_ Acquired Sub. Beam Cannon. 08819_ Acquired Sub. Monowheel. 08867_ Acquired Sub. Machine Gun. 09088_ Subatomizers dissect the Mak. Power Source. 09665_ Subatomizers dissect the Ion Engine. 09717_ Subatomizers dissect the Ion Engine, destroying it. 09881_ EV-8H1(u) tweaks Twisted Machinery. 09935_ UY-Q1D(R) creaks and sparks as it begins to move. Map ----- +----------------------------------------------------+ | ?????????????????????????????????????????????????? | | ?????????????????????????????????????????????????? | | ?????????????????????????????????????????????????? | | ?????????????????????????????????????????????????? | | ?????????????????????????????????????????????????? | | ?????????????????????????????????????????????????? | | ?????????????????????????????????????????????????? | | ?????????????????????????????????????????????????? | | ?????????????????????????????????????????????????? | | ?????????????????????????????????????????????????? | | ?????????????????????????????????????????????????? | | ?????????????????????????????????????????????????? | | ??????????????????????????????????????#??????????? | | ?????????????????????????????????????# ?????????? | | ????????????????????????????????????? ?????????? | | ????????????????????????????????????? ?????????? | | ????????????????????????????????????? ?????????? | | ???????????????????????????""???????? #??????## ? | | ??????????????????????????"""?? ????? #????? | | ??????????????????????????""## " ?##?# ????? | | ?????????????????????????#" ##"""####" ????? ? | | ????????????????????###??#" #? """" " ???? #?? | | ??????????????# ####""#?# ##?? #"#??? ### | | ?????????????##< ""## #??? ###?# | | ?????????????# < " ###??? ## | | ?????????????# R @ #????# #??? | | ?????????????# & #### #????# #???? | | ????????????????????????# ##???## ##???? | | ???????????????????????## ###???## ######????? | | ???????????????????????# ###??# = ##?????????? | | ???????????????????????## #### [!##?????????? | | ??????????????????????## ## [ &|####?#####? | | ??????????????????????# = &&!!] ## ### ## | | ?????????????????????## & == ## | | ?????????????????????# ! [ | | ?????????????????????### # ### = | | ???????????????????????## ## #### ######*## | | ????????????????????????## ####### #??## !=## | | ?????????????????????????# ## #??# #### | | ????????????????????????# ### ##?# ##??# | | ??????????????????????? ##?# ]### ####?? | | ?????????????????????? #??## ## ##? | | ?????????????????????# #???## ### #? | | ????????????????????# #????# ## # ##? | | ????????????????????## #????# # #? | | ?????????????????????# ?????# ##?##? | | ????????????????????? ###?????# #####????? | | ???????????????????? ????????## #####?????? | | ?????????????????????? ?????????## #?????? | | ???????????????????????????????????## #?????? | +----------------------------------------------------+ Best States ------------- Heat Dissipation 25 Energy Generation 18 Energy Capacity 150 Matter Stores 300 Matter Capacity 300 Sight Range 16 Robot Scan Range 20 Terrain Scan Density 10 Additional Mass Support 6 Resistance: KI 35 Resistance: TH 35 Resistance: EX 35 Resistance: EM 35 Resistance: I 35 Resistance: S 35 Resistance: P 35 Evasion (%) 53 Offensive Hacking 20 Item Schematics ----------------- None Robot Schematics ------------------ None Fabricated ------------ Nothing Repaired ---------- Nothing Studied --------- None Alien Tech Used ----------------- None Achievements -------------- None Challenges ------------ None Game ------ Seed TachyonTerrabombPick Manual? 0 Play Time 00:32:16 Cumulative 192.1 hours Start 2025.12.11 @ 17:31:52 End 2025.12.11 @ 18:08:27 Sessions 1 Manual Loads 0 Difficulty Explorer Special Mode None Game No. 278 Rogue 0 Adventurer 0 Explorer 278 Win Type - Total 0 Types 0/0/0/0/0/0/0/0/0/0 Lore% 71 Gallery% 67 Achievement% 53 Wizard Run 0 Options --------- Layout 1 ASCII 0 Keyboard 0 Movement Mouse Keybinds 0 Fullscreen 1 Font 24/Smallcaps Map View 50x35 Zoom Use 0% Tactical HUD 1 Map Filters NONE Filters NONE Steam 1 RUN: 0561b834-0f89-46f7-a96c-d2ee2bfe198b